[Event "*** Titled Tuesday Blitz"]
[Site "Chess.com"]
[Date "2019.08.06"]
[Round "3"]
[White "Jahonas"]
[Black "JussupowFan"]
[Result "1-0"]
[WhiteElo "2380"]
[BlackElo "2229"]
[TimeControl "180+2"]
[EndTime "13:37:18 PDT"]
[Termination "Jahonas won by resignation"]

1. d4 Nf6 2. Nf3 a6 3. c4 b5 4. c5 Bb7 5. g3 g6 6. Bg2 Bg7 7. O-O O-O 8. Nc3 d6 9. cxd6 cxd6 10. Bf4 Nbd7 11. Qb3 Nb6 12. a4 Nbd5 13. axb5 Qb6 14. Ra3 Nxc3 15. bxc3 axb5 16. Rxa8 Rxa8 17. Rb1 Ra5 18.
Nd2 Bxg2 19. Kxg2 Qb7+ 20. f3 Nd5 21. Nc4 Ra8 22. Qxb5 Qxb5 23. Rxb5 Rc8 24. Nb6 Nxb6 25. Rxb6 e5 26. dxe5 dxe5 27. Be3 e4 28. Bd4 exf3+ 29. Kxf3 Bxd4 30. cxd4 Kg7 31. h4 h5 32. e3 Rc1 33.
Rb2 Rd1 34. Ke2 Rg1 35. Kf2 Rc1 36. Rd2 Kf6 37. e4 Rc3 38. Ra2 Rd3 39. Ra6+ Kg7 40. Rd6 Kf8 41. e5 Ke8 42. d5 Ke7 43. Ke2 Rxg3 44.
Ra6 Rb3 45. Ra7+ Ke8 46. d6 Rb5 47. Re7+ Kd8 48. Kf3 Rb4 49. Rxf7 Rxh4 50. e6 Ke8 51. d7+ Kd8 52. Rf8+ Ke7 53. d8=Q+ 1-0

[Event "*** Titled Tuesday Blitz"]
[Site "Chess.com"]
[Date "2019.08.06"]
[Round "3"]
[White "vova-79"]
[Black "Witaliss"]
[Result "1-0"]
[WhiteElo "2456"]
[BlackElo "2380"]
[TimeControl "180+2"]
[EndTime "13:37:20 PDT"]
[Termination "vova-79 won by resignation"]

1. d4 Nf6 2. c4 c6 3. Nc3 d5 4. cxd5 cxd5 5. f3 Nc6 6. e4 e6 7. e5 Nd7 8. f4 Qb6 9. Nf3 Bb4 10. Be3 a6 11. Bd3 Be7 12. O-O Nb4 13. Bb1 f5 14. exf6 Bxf6 15. Kh1 Nc6 16. Qd2 Na5 17.
b3 Nc6 18. Ne5 Qc7 19. Bd3 Nb6 20. Rae1 Bd7 21. f5 O-O-O 22. Nxd7 Rxd7 23. fxe6 Re7 24. Bf5 Qd6 25. Qd3 h6 26. Rc1 Bg5 27. Ne2 Bxe3 28. Qxe3 Kb8 29. Nf4 Rhe8 30. Ng6 Rxe6 31. Bxe6 Rxe6 32.
Ne5 Nxe5 33. dxe5 Rxe5 34. Qd4 Rg5 35. Rf7 Qg6 36. Rf8+ Ka7 37. g3 Rf5 38. Rf1 Rxf1+ 39. Rxf1 Qe6 40. Kg2 h5 41. h4 a5 42. Qxg7 Qe4+ 43. Kh2 Qe2+ 44. Kg1 Qxa2 45. Qc3 Ka6 46.
Ra1 1-0

[Event "*** Titled Tuesday Blitz"]
[Site "Chess.com"]
[Date "2019.08.06"]
[Round "3"]
[White "joppie2"]
[Black "farzadbfd"]
[Result "1-0"]
[WhiteElo "2892"]
[BlackElo "2669"]
[TimeControl "180+2"]
[EndTime "13:37:21 PDT"]
[Termination "joppie2 won by resignation"]

1. e4 e5 2. Nf3 Nc6 3. Bc4 Bc5 4.
c3 Nf6 5. d4 exd4 6. e5 d5 7.
Bb5 Ne4 8. cxd4 Bb6 9. Nc3 O-O 10. Be3 f6 11. exf6 Nxf6 12. h3 Ne7 13. O-O c6 14. Bd3 Bf5 15. Na4 Bc7 16. Nc5 Qd6 17. Nxb7 Qb4 18.
Nc5 Qxb2 19. Qa4 Ne4 20. Bxe4 dxe4 21. Rab1 Qe2 22. Rfe1 exf3 23. Rxe2 fxe2 24. Re1 Nd5 25. Rxe2 Rab8 26. Re1 Nxe3 27. fxe3 Rb2 28. Rf1 Rf6 29.
Qxa7 Bxh3 30. Qa8+ Rb8 31. Qa3 Bf5 32. e4 Bg6 33.
Rxf6 gxf6 34. Qd3 Bb6 35. Nd7 Rb7 36. Qc4+ Kg7 37. Nxb6 Rxb6 38. d5 cxd5 39. Qc7+ Kh6 40. Qxb6 Bxe4 41. Qe3+ Kh5 42. a4 Kg4 43. g3 f5 44.
Qf4+ Kh5 45. a5 Kg6 46. a6 d4 47. a7 d3 48. Qd6+ Kg5 49. Kf2 Kg4 50. Qf4+ Kh5 51. g4+ 1-0

[Event "*** Titled Tuesday Blitz"]
[Site "Chess.com"]
[Date "2019.08.06"]
[Round "3"]
[White "AtabayevSaparmyrat"]
[Black "resha1988"]
[Result "0-1"]
[WhiteElo "2612"]
[BlackElo "2784"]
[TimeControl "180+2"]
[EndTime "13:37:23 PDT"]
[Termination "resha1988 won by resignation"]

1. d4 d5 2. c4 c6 3. Nf3 Nf6 4. cxd5 cxd5 5. Nc3 Nc6 6. Bf4 a6 7. e3 Bg4 8. Be2 Rc8 9. O-O e6 10. h3 Bxf3 11. Bxf3 Bd6 12. Bg5 h6 13. Bh4 O-O 14. Qe2 Be7 15. Rfc1 Na5 16. Rc2 Nc4 17. Rac1 b5 18.
Nb1 Qd7 19. b3 Nb6 20. Qe1 Rxc2 21. Rxc2 Rc8 22. Qc1 g5 23. Bg3 Ne4 24. Bc7 Na8 25. Ba5 Rxc2 26. Qxc2 f5 27. Nd2 Bd6 28. Nxe4 fxe4 29.
Bg4 Kg7 30. f3 Bc7 31. Bxc7 Qxc7 32. Qxc7+ Nxc7 33. fxe4 dxe4 34. Kf2 Kf6 35. Bd1 b4 36. Be2 a5 37. Bc4 h5 38. Ke2 h4 39. Kd2 Ke7 40. Ke2 Kd6 41. Kd2 e5 42. Ke2 Ne8 43. Kd2 Ng7 44. Be2 exd4 45. exd4 Kd5 46. Bg4 Kxd4 47. Ke2 Ne8 48. Bd7 Nc7 49. Kd2 Nd5 0-1

[Event "*** Titled Tuesday Blitz"]
[Site "Chess.com"]
[Date "2019.08.06"]
[Round "3"]
[White "Firouzja2003"]
[Black "JonahWillow"]
[Result "1-0"]
[WhiteElo "2997"]
[BlackElo "2646"]
[TimeControl "180+2"]
[EndTime "13:37:27 PDT"]
[Termination "Firouzja2003 won by resignation"]

1. e4 c5 2. c3 Nf6 3. e5 Nd5 4. d4 cxd4 5. Nf3 Nc6 6. Bc4 Nb6 7. Bb3 g6 8. cxd4 Bg7 9. O-O O-O 10. Nc3 d6 11. exd6 Qxd6 12. Nb5 Qd8 13. Bf4 Bg4 14. h3 Bxf3 15. Qxf3 Nxd4 16. Nxd4 Qxd4 17. Rfd1 Qxb2 18.
Qxb7 Qf6 19. Bg3 a5 20. Rab1 a4 21. Bc2 Nc4 22. Qb4 Qc3 23. Qxc3 Bxc3 24. Rd7 Bf6 25. Rb4 Rfc8 26. Rxa4 Rxa4 27. Bxa4 Nb6 28. Ra7 Nxa4 29. Rxa4 Rc2 30. Bf4 Kg7 31. Be3 e5 32.
Ra7 Bd8 33. a4 Ra2 34. g4 h6 35. Kg2 Bg5 36. Bc5 Bd2 37. Kf3 Kf6 38. Ra6+ Kg7 39. Ke4 Be1 40. f3 Re2+ 41. Kd3 Ra2 42. Be7 Bg3 43.
Bf6+ Kh7 44. Ra8 g5 45. a5 Kg6 46. Be7 Be1 47. a6 f5 48. gxf5+ Kf7 49. Bc5 1-0

[Event "*** Titled Tuesday Blitz"]
[Site "Chess.com"]
[Date "2019.08.06"]
[Round "3"]
[White "Lagmantr"]
[Black "SoCalJuniorChess"]
[Result "1-0"]
[WhiteElo "2683"]
[BlackElo "1864"]
[TimeControl "180+2"]
[EndTime "13:37:27 PDT"]
[Termination "Lagmantr won by resignation"]

1. d4 g6 2. Bf4 Bg7 3. e3 d6 4. Nf3 c5 5. c3 Nd7 6. Be2 Ngf6 7. h3 O-O 8. O-O Rb8 9. a4 a6 10. a5 Re8 11. Bh2 e5 12. Re1 Qc7 13. dxe5 Nxe5 14. Nbd2 Qc6 15. Nxe5 dxe5 16. Bf3 Qc7 17. Nc4 Nd7 18.
Nd6 Re6 19. Nxc8 Rxc8 20. Bd5 Re7 21. c4 Rd8 22. Qb3 Nf6 23. e4 Nxd5 24. cxd5 c4 25. Qc3 Qc5 26. Rec1 Rc8 27. Ra4 Qb5 28. Rxc4 Rxc4 29.
Qxc4 Qxa5 30. Qc8+ Bf8 31. d6 Re6 32. Qxb7 Bxd6 33.
Bg3 Qd2 34. Qc8+ Kg7 35. Rc2 Qe1+ 36. Kh2 Qxe4 37. Rc6 h5 38. f3 Qd4 39. Qxa6 h4 40. Bxh4 e4+ 41. Bg3 Bxg3+ 42. Kxg3 Qe5+ 43. f4 Qd4 44. Rxe6 Qe3+ 45. Kh2 Qxf4+ 46. Kg1 Qe3+ 47. Kh2 Qf4+ 48.
Kg1 Qc1+ 49. Qf1 Qe3+ 50. Qf2 Qxf2+ 51. Kxf2 fxe6 52. Ke3 Kf7 53. Kxe4 Ke7 54. Ke5 Kd7 55. g4 1-0

[Event "*** Titled Tuesday Blitz"]
[Site "Chess.com"]
[Date "2019.08.06"]
[Round "3"]
[White "Heineccius"]
[Black "Mr_Penings"]
[Result "0-1"]
[WhiteElo "2538"]
[BlackElo "2504"]
[TimeControl "180+2"]
[EndTime "13:37:29 PDT"]
[Termination "Mr_Penings won by checkmate"]

1. d4 Nf6 2. c4 d6 3. Nf3 g6 4. g3 Bg7 5. Bg2 O-O 6. O-O Nbd7 7. Nc3 e5 8. e4 b6 9. h3 Bb7 10. Re1 Re8 11. d5 a5 12. b3 Nc5 13. Rb1 c6 14. a3 cxd5 15. cxd5 Ba6 16. Bf1 Bxf1 17.
Kxf1 Qd7 18. Kg2 b5 19. b4 axb4 20. Rxb4 Ra5 21. Qe2 Rb8 22. Nd2 h5 23. Nb3 Nxb3 24.
Rxb3 Ne8 25. Bd2 Nc7 26. Reb1 Ra7 27. a4 b4 28. Rxb4 Rxb4 29. Rxb4 Na6 30. Rb5 Nc5 31. Qc4 Rc7 32. Qb4 h4 33. Qb1 hxg3 34. fxg3 f5 35. exf5 gxf5 36. Rb8+ Kh7 37. a5 e4 38. Qd1 Qf7 39. Nb5 Rd7 40. Bf4 Nd3 41. Bxd6 Kg6 42. Qe2 Qxd5 43. Rb6 e3+ 44. Kh2 Nf2 45. Bf4+ Bf6 46.
Qf1 Ng4+ 47. Kg1 e2 48. Qxe2 Re7 49. Qxe7 Qd1+ 50. Kg2 Qc2+ 51. Kf3 Qf2# 0-1

[Event "*** Titled Tuesday Blitz"]
[Site "Chess.com"]
[Date "2019.08.06"]
[Round "3"]
[White "ahachess"]
[Black "RoelandPruijssers"]
[Result "0-1"]
[WhiteElo "2369"]
[BlackElo "2486"]
[TimeControl "180+2"]
[EndTime "13:37:29 PDT"]
[Termination "RoelandPruijssers won by resignation"]

1. d4 f5 2. Nf3 Nf6 3. g3 g6 4.
Bg2 Bg7 5. O-O O-O 6. c4 d6 7. Nc3 Qe8 8. Bf4 h6 9. Qd2 g5 10. Nxg5 hxg5 11. Bxg5 Qg6 12. h4 Nc6 13. Rae1 Ne4 14.
Nxe4 fxe4 15. Be3 e5 16. dxe5 Nxe5 17. b3 Be6 18. Rd1 Rad8 19. Qb4 b6 20. Qd2 c5 21.
Bf4 Nc6 22. Bxd6 Rf7 23. Qe3 Bd4 24. Qxe4 Qxe4 25. Bxe4 Rxd6 26. e3 Bg4 27. Rd2 Kg7 28. Bxc6 Rxc6 29. exd4 Re6 30. d5 Re4 31. f4 Rfe7 32.
Kg2 Kf6 33. Rff2 Kf5 34. Rc2 Re1 35. Rcd2 Kf6 36. Rf1 Bh3+ 37. Kxh3 Rxf1 38. d6 Rd7 39. Kg4 Re1 40. h5 Re6 41. Kf3 Rexd6 42. Re2 Rd3+ 43. Kg2 Re7 44. Rf2 Ree3 45. g4 Rg3+ 46. Kf1 Rxg4 47. Ke2 Rd4 48. Ke3 Rg3+ 49. Ke2 Rh3 0-1

[Event "*** Titled Tuesday Blitz"]
[Site "Chess.com"]
[Date "2019.08.06"]
[Round "3"]
[White "mikhaillushenkov"]
[Black "ohusbands"]
[Result "1-0"]
[WhiteElo "2677"]
[BlackElo "2585"]
[TimeControl "180+2"]
[EndTime "13:37:32 PDT"]
[Termination "mikhaillushenkov won by resignation"]

1. Nf3 d5 2. d4 e6 3. c4 Nf6 4.
Nc3 c6 5. e3 Nbd7 6. Bd3 Bd6 7.
e4 dxc4 8. Bxc4 Bb4 9. Qd3 c5 10. a3 cxd4 11. axb4 dxc3 12. bxc3 O-O 13. Bb3 Qc7 14.
O-O b6 15. Bg5 Bb7 16. Rfe1 Ng4 17. h3 Nde5 18. Nxe5 Nxe5 19. Qg3 Kh8 20. Bf4 f6 21. Bxe6 Rfe8 22. Bd5 a5 23. bxa5 Rxa5 24. Rxa5 bxa5 25. c4 Ba6 26. Rc1 a4 27. Qa3 Qa5 28. Bxe5 fxe5 29.
c5 Qd2 30. c6 h6 31. c7 Kh7 32.
Rb1 Bc8 33. Qxa4 Rf8 34. Qa7 Qc2 35. Ra1 Qc3 36. Rf1 Rf6 37. Qb8 Rf8 38. Bb7 Bxb7 39. Qxf8 Qxc7 40. Qf5+ Kg8 41. Rd1 Bc8 42. Qg6 Qe7 43.
Qd6 Kf7 44. Qxe7+ Kxe7 45. f3 Be6 46. Rd2 Kf6 47. Kf2 Kg5 48. Kg3 Kf6 49. h4 Kg6 50. Kf2 Kf6 51. g4 g5 52. h5 Bf7 53. Rd6+ Be6 54. Ke3 Ke7 55. Rb6 Kf7 56. Kd2 Ke7 57. Kc3 Kf7 58. Kb4 Ke7 59. Kc5 Kf7 60. Kd6 1-0

[Event "*** Titled Tuesday Blitz"]
[Site "Chess.com"]
[Date "2019.08.06"]
[Round "3"]
[White "Saloni1299"]
[Black "kinga2008"]
[Result "1/2-1/2"]
[WhiteElo "2003"]
[BlackElo "1918"]
[TimeControl "180+2"]
[EndTime "13:37:32 PDT"]
[Termination "Game drawn by agreement"]

1. e4 c5 2. Nf3 d6 3. d4 cxd4 4. Nxd4 Nf6 5. Nc3 g6 6. Be3 Bg7 7. f3 O-O 8. Qd2 Nc6 9. Bc4 Bd7 10. Bb3 Rb8 11. O-O-O Ne5 12. g4 b5 13. Kb1 a5 14. a3 b4 15. axb4 axb4 16. Nd5 Nxd5 17. exd5 Qa5 18. Qf2 Ra8 19. Kc1 Qa1+ 20. Kd2 Qxb2 21.
Ne2 Bb5 22. Bd4 Nxf3+ 23. Qxf3 Bxd4 24. Rb1 Bxe2 25. Kxe2 Qc3 26. Qxc3 bxc3 27. Rbd1 Be5 28. h4 f5 29. gxf5 Rxf5 30. Rhf1 Rxf1 31. Rxf1 Rf8 32. Rxf8+ Kxf8 33. Bc4 Kg7 34. Kf3 Kf6 35. Bd3 Bd4 36. h5 gxh5 37. Bxh7 Ke5 38. Bg8 Bc5 39. Kg2 Kf4 40.
Be6 Ke3 41. Kh1 Kf3 42. Bf5 h4 43. Be6 Kg3 44. Bf5 Kf4 45. Be6 Ke5 46. Kg2 Kf4 47. Kh1 Ke3 48. Kg2 Kd2 49. Bf5 e6 50. dxe6 d5 51.
Kh3 Be7 52. Bd3 d4 53. Kg2 Ke3 54. Kh1 Kf4 55. Kg2 Ke5 56. Kh1 Kxe6 57. Kg2 Ke5 58. Kh1 Kf4 59. Kg2 Kg4 60. Kh1 h3 61. Kh2 Bd6+ 62.
Kh1 Bg3 63. Bh7 Be1 64. Bd3 Bd2 65. Bh7 Kf4 66. Bd3 Ke3 67. Kh2 Kf2 68. Kxh3 Ke1 69.
Kg2 Be3 70. Kf3 Kd2 71. Ke4 Kc1 72. Kd5 Kd2 73. Ke4 Kc1 74. Kd5 Kb2 75. Ke4 Ka3 76.
Kd5 Kb4 77. Ke4 1/2-1/2

[Event "*** Titled Tuesday Blitz"]
[Site "Chess.com"]
[Date "2019.08.06"]
[Round "3"]
[White "politeplayer"]
[Black "Wolverine_master"]
[Result "0-1"]
[WhiteElo "2245"]
[BlackElo "2129"]
[TimeControl "180+2"]
[EndTime "13:37:34 PDT"]
[Termination "Wolverine_master won by resignation"]

1. e4 c5 2. d4 g6 3. Nf3 cxd4 4. c3 Bg7 5. cxd4 d5 6. e5 Bg4 7. Bb5+ Nc6 8. O-O e6 9. h3 Bxf3 10. Qxf3 Ne7 11. Bg5 O-O 12. Bxc6 bxc6 13. Nc3 Qd7 14. Na4 Nf5 15. Nc5 Qc7 16. Rfd1 Rab8 17. Na6 Qb6 18. Nxb8 Rxb8 19. Qf4 Qxb2 20. g4 h6 21. gxf5 hxg5 22. Qxg5 exf5 23. h4 Qe2 24. Rab1 Rb2 25. Rf1 Kh7 26.
Rxb2 Qxb2 27. Qf4 Bh6 28. Qf3 Qxd4 29. e6 fxe6 30. h5 gxh5 31. Qxh5 Qg4+ 32. Qxg4 fxg4 33. Re1 c5 34. Rxe6 c4 35. Rd6 c3 36. Rxd5 c2 37. Rc5 c1=Q+ 38. Rxc1 Bxc1 39. Kg2 Kg6 40. f3 gxf3+ 41.
Kxf3 Kf5 42. Ke2 Ba3 43. Kd3 Ke5 44. Kc4 Kd6 45. Kb5 Bc5 46. a4 Bf2 47. Ka6 Kc7 48. a5 Bg1 49. Kb5 Kb7 50. a6+ Kc7 51. Ka5 Kc6 0-1

[Event "*** Titled Tuesday Blitz"]
[Site "Chess.com"]
[Date "2019.08.06"]
[Round "3"]
[White "tteshan"]
[Black "sebsep"]
[Result "0-1"]
[WhiteElo "2187"]
[BlackElo "2121"]
[TimeControl "180+2"]
[EndTime "13:37:34 PDT"]
[Termination "sebsep won by resignation"]

1. d4 Nf6 2. c4 g6 3. Nc3 Bg7 4. e4 d6 5. Bd3 O-O 6. Nge2 Nc6 7. d5 Ne5 8. O-O c5 9. Be3 Nfg4 10. Bf4 Nxd3 11.
Qxd3 Ne5 12. Qc2 Nxc4 13. b3 Ne5 14. Qd2 Rb8 15. Bh6 b5 16. Bxg7 Kxg7 17. Rac1 b4 18. Nd1 Ba6 19. Ne3 Qa5 20. Rfd1 Rfc8 21. Ng3 Kg8 22. f4 Nd7 23. Nc4 Bxc4 24. Rxc4 Nb6 25. Rcc1 c4 26. bxc4 Nxc4 27. Qe2 Nb6 28. Qg4 Kh8 29.
f5 Qa3 30. Ra1 Qe3+ 31. Kh1 Nc4 32. fxg6 hxg6 33. Qh4+ Kg7 34. Qxe7 Re8 35. Qh4 Ne5 36. Re1 Qh6 37. Qxh6+ Kxh6 38. Ne2 Rec8 39. Nd4 Rc4 40. Nb3 Rbc8 41. Rac1 Kg7 42. Rxc4 Rxc4 43. Na5 Rc2 44. h3 Rxa2 45. Nb3 Rb2 46. Nd4 a5 47. Nb5 a4 48.
Nxd6 a3 49. Nc4 Rc2 50. Ne3 Rc3 51. Kg1 a2 52. Ng4 Nxg4 53. hxg4 Rb3 54. Kf2 Rb1 55. Re2 a1=Q 0-1

[Event "*** Titled Tuesday Blitz"]
[Site "Chess.com"]
[Date "2019.08.06"]
[Round "3"]
[White "vanea_03"]
[Black "ChainsOfFantasia"]
[Result "0-1"]
[WhiteElo "2662"]
[BlackElo "2479"]
[TimeControl "180+2"]
[EndTime "13:37:36 PDT"]
[Termination "ChainsOfFantasia won by resignation"]

1. Nf3 Nf6 2. g3 e6 3. Bg2 d5 4. O-O Be7 5. c4 O-O 6. b3 c5 7. Bb2 d4 8. e3 Nc6 9. exd4 cxd4 10. Re1 Ng4 11. h3 Nh6 12. Ne5 Nxe5 13. Rxe5 f6 14. Re1 Rb8 15. d3 e5 16. Ba3 Kh8 17. Bxe7 Qxe7 18. Nd2 Nf7 19. Rb1 b5 20. Rc1 Bf5 21. Ne4 bxc4 22. dxc4 Nd6 23. Nc5 Rbc8 24. b4 a5 25. a3 Qf7 26. g4 Bg6 27. f4 h5 28.
f5 Bh7 29. Bd5 Qa7 30. Qd2 Bg8 31. Ne6 Bxe6 32. fxe6 axb4 33. axb4 Qb8 34. c5 Nb5 35. Qd3 e4 36. Rxe4 Nc3 37. Rxc3 dxc3 38. e7 Rfe8 39. Qxc3 Rc7 40. Qe3 Qa7 41. gxh5 Rcxe7 42. h6 Rxe4 43. Bxe4 Qa1+ 44. Kg2 Qe5 45. hxg7+ Kxg7 46. Kf3 Qh5+ 47. Kf2 Qh4+ 48. Kf3 Qxh3+ 49. Kf4 Qxe3+ 50. Kxe3 f5 51. c6 Rxe4+ 52. Kd3 Kf7 53. c7 Re8 54. b5 Ke7 55. b6 Kd7 0-1

[Event "*** Titled Tuesday Blitz"]
[Site "Chess.com"]
[Date "2019.08.06"]
[Round "3"]
[White "tgpgoat"]
[Black "FredddieCroderg"]
[Result "0-1"]
[WhiteElo "1969"]
[BlackElo "2163"]
[TimeControl "180+2"]
[EndTime "13:37:37 PDT"]
[Termination "FredddieCroderg won by resignation"]

1. Nf3 g6 2. d4 Bg7 3. c4 d6 4.
Nc3 Nf6 5. e4 O-O 6. Be2 e5 7. O-O Nc6 8. d5 Ne7 9. b4 a5 10. Ba3 axb4 11. Bxb4 b6 12. a4 Re8 13. Nd2 Bf8 14. Nb3 c5 15. dxc6 Nxc6 16. Ba3 Be6 17.
Nb5 Nxe4 18. Bf3 f5 19. Qc2 Rxa4 20. Nd2 Nxd2 21. Bxc6 Rxc4 22. Qxd2 Rxc6 23. Rfd1 d5 24. Bb2 d4 25. f4 Bc4 26. Na7 Rce6 27. fxe5 Bc5 28.
Bxd4 Qc7 29. Bxc5 Qxc5+ 30. Kh1 Rxe5 31. Re1 Qd4 32. Qxd4 Rxe1+ 33. Qg1 Rxg1+ 34. Kxg1 Ra8 35. Ra3 Kg7 36. Kf2 h5 37. Ke3 Bf1 38. g3 Kf6 39. h4 Bg2 40. Kf4 Re8 41. Ra4 Re4+ 42. Rxe4 Bxe4 43.
Nb5 Bd3 44. Nd6 b5 45. Ke3 Bc4 46. Kd4 Ke6 47. Ne8 Bf1 48. Nc7+ Kd6 49. Ne8+ Kc6 50. Nf6 b4 51. Nh7 Kb5 52. Nf8 Ka4 53. Nxg6 b3 54.
Kc3 Ka3 55. Ne5 b2 56. Nc6 b1=Q 57. Nd4 Qa1+ 0-1

[Event "*** Titled Tuesday Blitz"]
[Site "Chess.com"]
[Date "2019.08.06"]
[Round "3"]
[White "Tiqr777"]
[Black "Rakesh"]
[Result "1-0"]
[WhiteElo "2559"]
[BlackElo "2432"]
[TimeControl "180+2"]
[EndTime "13:37:43 PDT"]
[Termination "Tiqr777 won by resignation"]

1. c4 e5 2. Nc3 Nc6 3. g3 Nf6 4. Bg2 d6 5. d3 Be6 6. Nf3 Qd7 7. Rb1 Be7 8. b4 O-O 9. O-O Rae8 10. b5 Nd8 11. e4 Ng4 12. Nd5 f5 13. Nxe7+ Rxe7 14. Ng5 f4 15. Nxe6 Qxe6 16. Bh3 f3 17. d4 Qg6 18.
Rb3 Qh5 19. Bxg4 Qxg4 20. h3 Qxe4 21. Re1 Qf5 22. dxe5 Rxe5 23. Rxe5 Qxe5 24. Bb2 Qf5 25.
Re3 Ne6 26. Qd5 Qb1+ 27. Kh2 Qxb2 28. Qxe6+ Kh8 29. Rxf3 Rg8 30. a3 Qe5 31. Qxe5 dxe5 32. Rf7 Rc8 33. Re7 Kg8 34. Rxe5 Kf7 35. Rd5 Ke6 36. a4 c6 37. Rd4 cxb5 38. cxb5 Rc2 39.
Kg2 Rc7 40. h4 Rf7 41. g4 Ke5 42. Rc4 Kd5 43. Rb4 Kc5 44. Re4 Kd5 45. f3 a6 46.
bxa6 bxa6 47. Kg3 Rb7 48. g5 g6 49. Kg4 Rf7 50. Rb4 Rc7 51. f4 Kc5 52. Rb1 Re7 53. a5 Kc4 54. Rb6 Re2 55. Rxa6 Rg2+ 56. Kf3 Rh2 57. Kg3 Rb2 58. Ra7 Rb7 59. Rxb7 1-0

[Event "*** Titled Tuesday Blitz"]
[Site "Chess.com"]
[Date "2019.08.06"]
[Round "3"]
[White "jefferyx"]
[Black "KazakhFighter04"]
[Result "1/2-1/2"]
[WhiteElo "2922"]
[BlackElo "2736"]
[TimeControl "180+2"]
[EndTime "13:37:49 PDT"]
[Termination "Game drawn - insufficient material"]

1. d4 Nf6 2. Nf3 e6 3. c4 d5 4.
g3 dxc4 5. Bg2 c5 6. O-O Nc6 7. Ne5 Bd7 8. Nxc4 cxd4 9. Bf4 Rc8 10. Nbd2 Be7 11. Nd6+ Bxd6 12. Bxd6 e5 13. Rc1 Be6 14.
Bxc6+ bxc6 15. Bxe5 O-O 16. Qa4 c5 17. Bxf6 Qxf6 18.
Qxa7 c4 19. Rfd1 Ra8 20. Qb7 Rab8 21. Qe4 c3 22. bxc3 dxc3 23. Nb3 Bxb3 24. axb3 Rxb3 25. Qc4 Rb2 26. Re1 c2 27. Rxc2 Rxc2 28. Qxc2 g6 29. Rd1 h5 30. Qc4 Re8 31. h4 Qe6 32. Qxe6 Rxe6 33. Kf1 Kg7 34. Rd4 Ra6 35. Kg2 Ra2 36.
Kf3 Ra3+ 37. Kf4 Ra2 38. Kf3 Ra3+ 39. Rd3 Ra2 40. Rb3 Rc2 41. e4 Ra2 42. Ke3 Rc2 43. f3 Rg2 44. Kf4 Kg8 45. Rb7 Kg7 46. Ra7 Kg8 47.
e5 Kf8 48. Ra6 Kg7 49. Rd6 Rg1 50. Rd7 Kf8 51. g4 hxg4 52. fxg4 Re1 53. Rd5 Kg7 54. Kg5 Re4 55. Ra5 Re1 56. Rb5 Re4 57. h5 Rxe5+ 58. Rxe5 f6+ 59. Kf4 fxe5+ 60. Kxe5 gxh5 61. gxh5 Kh6 62. Ke4 Kxh5 1/2-1/2

[Event "*** Titled Tuesday Blitz"]
[Site "Chess.com"]
[Date "2019.08.06"]
[Round "3"]
[White "Vuk2000"]
[Black "chickencrossroad"]
[Result "1-0"]
[WhiteElo "2718"]
[BlackElo "2491"]
[TimeControl "180+2"]
[EndTime "13:37:51 PDT"]
[Termination "Vuk2000 won by resignation"]

1. d4 Nf6 2. Bg5 d5 3. Bxf6 exf6 4. e3 Bd6 5. c4 dxc4 6. Bxc4 O-O 7. Nc3 Bf5 8. Nf3 Nd7 9. Nh4 Bg6 10. Nxg6 hxg6 11.
h4 Nb6 12. Bb3 Qd7 13. Qd3 f5 14. h5 g5 15. g4 c5 16. dxc5 Bxc5 17. Qxd7 Nxd7 18.
O-O-O Nf6 19. gxf5 Kh7 20. Bd5 Rab8 21. Bf3 g4 22.
Be2 b5 23. Bd3 Rfe8 24. Ne2 Bd6 25. Kb1 Be5 26. Bc2 Kh6 27. Bb3 Re7 28. Bc2 Nxh5 29. Rdg1 g6 30. fxg6 fxg6 31. Rxg4 Rb6 32. Ng3 Bxg3 33.
Rxg3 Ree6 34. Rgh3 Re5 35. f4 Rc5 36. f5 Kg7 37.
fxg6 Nf6 38. Rf1 Rbc6 39. Bd3 Rd5 40. Bc2 Rd2 41. Bf5 b4 42. Rhf3 b3 43. axb3 Rb6 44. e4 a5 45. Rc3 a4 46. Rc2 Rd4 47. bxa4 Nxe4 48. Rc7+ Kh6 49. Rh1+ Kg5 50. Bxe4 Rxe4 51. g7 Re8 52. Rg1+ Kf4 53. g8=Q Rxg8 54. Rxg8 1-0

[Event "*** Titled Tuesday Blitz"]
[Site "Chess.com"]
[Date "2019.08.06"]
[Round "3"]
[White "hurricane7791"]
[Black "enriquetejedor"]
[Result "1-0"]
[WhiteElo "2720"]
[BlackElo "2560"]
[TimeControl "180+2"]
[EndTime "13:37:52 PDT"]
[Termination "hurricane7791 won by resignation"]

1. d4 Nf6 2. Nf3 c5 3. d5 b5 4. Bg5 Ne4 5. Bf4 d6 6. Nbd2 Nf6 7. e4 e5 8. dxe6 fxe6 9. Bxb5+ Bd7 10. Bxd7+ Nbxd7 11. O-O e5 12. Bg5 Be7 13. Nc4 Nb6 14.
Bxf6 gxf6 15. Ne3 Qd7 16. a4 O-O 17. a5 Na4 18. Qd5+ Kh8 19. Qb3 Rab8 20. Qxa4 Qxa4 21.
Rxa4 Rxb2 22. Nh4 Rfb8 23. Nhf5 Bf8 24. g3 Kg8 25. Kg2 R2b4 26. Raa1 Kf7 27. Rfd1 Ke6 28. Nd5 Rxe4 29. Nfe3 f5 30. c3 Bh6 31. Kf3 Bxe3 32. Nxe3 Rb3 33. Rac1 Ra4 34. Rd2 f4 35. gxf4 Rxf4+ 36. Ke2 Rf8 37. Rcd1 Rd8 38. Nc4 d5 39. Ne3 d4 40.
cxd4 exd4 41. Rc1 Re8 42. Ng2 Kd5+ 43. Kf1 Rf8 44. Kg1 Rg8 45. Kf1 Rb4 46. Nf4+ Kd6 47.
Re1 Rf8 48. Re6+ Kd7 49. Re4 Kc6 50. Nd3 Rb1+ 51. Kg2 Rg8+ 52. Kf3 Rf8+ 53. Kg4 Rg1+ 54. Kh4 Rf6 55. Nf4 Rh6+ 56. Nh5 Kb5 57. Re5 Rc1 58. Rxd4 Rc4 59. Rxc4 Kxc4 60. f4 Kb4 61. f5 c4 62.
f6 c3 63. f7 Rc6 64. f8=Q+ Kb3 65. Re3 1-0

[Event "*** Titled Tuesday Blitz"]
[Site "Chess.com"]
[Date "2019.08.06"]
[Round "3"]
[White "I-Mesquita"]
[Black "nocnypako"]
[Result "1/2-1/2"]
[WhiteElo "2707"]
[BlackElo "2576"]
[TimeControl "180+2"]
[EndTime "13:37:53 PDT"]
[Termination "Game drawn - insufficient material"]

1. Nf3 Nf6 2. c4 c6 3. g3 d5 4.
Bg2 Bf5 5. O-O e6 6. d3 Nbd7 7.
cxd5 exd5 8. Nc3 Be7 9. Nh4 Bg6 10. Nxg6 hxg6 11. e4 dxe4 12. dxe4 O-O 13. Qc2 Ne5 14. Rd1 Qc7 15. Nd5 Nxd5 16. exd5 Rac8 17. Be3 cxd5 18. Qxc7 Rxc7 19. Bf4 Bf6 20. Rxd5 Re7 21. h4 Nc6 22. Bd6 Re2 23. Bxf8 Kxf8 24. Rb5 Bd4 25. Bxc6 bxc6 26. Rb8+ Ke7 27. Rb7+ Kf6 28. Rf1 Bb6 29. a4 Rc2 30. b4 Ra2 31. a5 Bd4 32. Rc7 Rc2 33.
b5 c5 34. b6 axb6 35. axb6 Rb2 36. b7 Ke6 37. Kg2 f5 38. Rc6+ Kf7 39. Rc7+ Ke6 40. Kh3 Kd6 41. Rf7 Ke6 42. Rc7 Kd6 43. Rc8 Rxb7 44. f4 Kd5 45. Re1 Rb3 46. Re2 Kc4 47.
Rc6 Kd3 48. Rg2 c4 49. Rxg6 c3 50. Rc6 Rb2 51. g4 Rxg2 52. Kxg2 fxg4 53. Kg3 c2 54. Rxc2 Kxc2 55. Kxg4 Kd3 56. h5 Ke4 57. Kg5 Kf3 58. Kg6 Kxf4 59. h6 gxh6 60. Kxh6 1/2-1/2

[Event "*** Titled Tuesday Blitz"]
[Site "Chess.com"]
[Date "2019.08.06"]
[Round "3"]
[White "GadimbayliA"]
[Black "vladimirdamjanovic"]
[Result "1/2-1/2"]
[WhiteElo "2884"]
[BlackElo "2636"]
[TimeControl "180+2"]
[EndTime "13:37:55 PDT"]
[Termination "Game drawn - insufficient material"]

1. e4 c5 2. Nf3 d6 3. d4 cxd4 4. Nxd4 Nf6 5. Nc3 g6 6. Be3 Bg7 7. Qd2 Nc6 8. f3 h5 9. O-O-O Bd7 10. Bc4 Rc8 11. Bb3 Na5 12. Qe2 Rxc3 13. bxc3 O-O 14. Qd3 Nxb3+ 15. axb3 Qc7 16. Kb2 Rc8 17. g3 a6 18.
Rhe1 b5 19. Ra1 a5 20. f4 a4 21. Bd2 Ng4 22. h3 Nf2 23. Qe3 Nxh3 24. e5 dxe5 25. fxe5 b4 26. cxb4 Nf2 27. Qxf2 axb3 28. c3 Bxe5 29. Rxe5 Qxe5 30. Rf1 Be8 31. Qf4 Qd5 32. Re1 Ra8 33. Ra1 Rxa1 34. Kxa1 e5 35. Qf3 Qc4 36.
Qe2 Qc8 37. Nxb3 Qa8+ 38. Kb2 Qd5 39. c4 Qe6 40. Bc3 f6 41. b5 Bf7 42. Na5 Qb6 43. Qd3 Qf2+ 44. Kb3 Kg7 45. Nc6 Qc5 46. Bb4 Qxb5 47.
Na5 Qb6 48. Qd6 Qxd6 49. Bxd6 g5 50. Nc6 h4 51. gxh4 gxh4 52. Nxe5 fxe5 53. Bxe5+ Kg6 54.
Kb4 Kf5 55. Bd6 Bxc4 56. Kxc4 Ke4 57. Bc7 Kf3 58. Bd8 Kg2 59. Bxh4 1/2-1/2

[Event "*** Titled Tuesday Blitz"]
[Site "Chess.com"]
[Date "2019.08.06"]
[Round "3"]
[White "dmosesov"]
[Black "Th3ChessViking"]
[Result "0-1"]
[WhiteElo "2550"]
[BlackElo "2425"]
[TimeControl "180+2"]
[EndTime "13:37:59 PDT"]
[Termination "Th3ChessViking won by resignation"]

1. d4 Nf6 2. Nf3 e6 3. c4 c5 4. d5 exd5 5. cxd5 d6 6. Nc3 g6 7.
Bf4 a6 8. e4 Bg4 9. h3 Bxf3 10.
Qxf3 Bg7 11. a4 O-O 12. Bd3 Re8 13. O-O Qc7 14. a5 Nbd7 15. Bc2 Ne5 16. Qe2 b5 17. axb6 Qxb6 18. Rab1 Qb4 19. Bd2 Qb7 20. f4 Ned7 21. Qf3 Re7 22. g4 Rae8 23. g5 Nh5 24. Kh2 Qb4 25.
Rf2 Bd4 26. Re2 Qb7 27. Ba4 Qb4 28. Bc6 Qc4 29. b3 Qb4 30. Nb5 Qxb5 31. Bxb5 axb5 32.
Qg4 f5 33. gxf6 Ndxf6 34. Qf3 Nxd5 35. Rbe1 Ndxf4 36. Bxf4 Nxf4 37. Ra2 Be5 38. Kh1 Rf7 39. Qg4 Ref8 40. Rf1 c4 41. bxc4 bxc4 42. Rc2 c3 43. h4 h5 44. Qg5 Kh7 45. Rg1 Rf6 46. Rb1 R8f7 47. Rb8 Nh3 48. Qe3 Rf3 49. Qb6 Nf2+ 50. Rxf2 Rxf2 51. Rb7 c2 52. Rxf7+ Rxf7 53. Qg1 Bf4 0-1